 Dungeon Sprint DCSS version 0.16-a0-3803-gd4b2de5 (console) character file.

8476 Monkaria the Fencer (level 11, -7/107 HPs)
             Began as a Hill Orc Fighter on Jan 26, 2015.
             Was the Champion of Makhleb.
             Killed by divine providence
             ... invoked by an orc high priest
              (12 damage)
             ... in the Dungeon (Sprint IX: "|||||||||||||||||||||||||||||").
             The game lasted 00:09:13 (1880 turns).

Monkaria the Fencer (Hill Orc Fighter)              Turns: 1880, Time: 00:09:13

Health: -7/107     AC: 23    Str: 26    XL:     11   Next: 31%
Magic:  27/27      EV:  9    Int:  8    God:    Makhleb [******]
Gold:   157        SH: 12    Dex: 10    Spells: 0 memorised, 10 levels left

rFire  . . .     SeeInvis .     p - +2 scimitar (holy)
rCold  . . .     Clarity  .     q - +2 plate armour
rNeg   . . .     SustAb   .     c - +0 shield
rPois  +         Gourm    .     w - +0 helmet
rElec  .         Spirit   .     (no cloak)
rCorr  .         Warding  .     a - +2 pair of gloves of Fedhas' Esteem {rPois+}
rMut   .         NoTele   +     (no boots)
MR     .....                    (no amulet)
Stlth  ..........               t - +2 ring of evasion
                                s - +3 ring of strength

@: very slightly contaminated, invisible, not resistant to hostile enchantments,
extremely unstealthy
A: no striking features
a: Minor Destruction, Lesser Servant of Makhleb, Major Destruction, Greater
Servant of Makhleb, Renounce Religion, Convert to Beogh


You were in the Dungeon.
You worshipped Makhleb.
Makhleb was exalted by your worship.
You were hungry.

You visited 1 branch You collected 157 gold pieces.

Inventory:

Hand weapons
 p - a +2 scimitar of holy wrath (weapon)
Armour
 a - the +2 pair of gloves of Fedhas' Esteem (worn) {rPois+}
   (You found it in the Dungeon)

   It protects you from poison.
 c - a +0 shield (worn)
 q - a +2 plate armour (worn)
 w - a +0 helmet (worn)
Jewellery
 s - a +3 ring of strength (left hand)
 t - a +2 ring of evasion (right hand)
Magical devices
 o - a wand of draining (5)
Scrolls
 k - a scroll of blinking
 m - 5 scrolls of remove curse
 n - 2 scrolls of amnesia
 u - a scroll of identify
 y - a scroll of recharging
Potions
 b - a potion of flight
 e - a potion of might
 h - a potion of haste
 i - 4 potions of magic
 j - 2 potions of berserk rage
 l - 5 potions of curing
 z - a potion of brilliance
Books
 x - a book of Transfigurations

   Spells                             Type                      Level
   a - Stoneskin                      Transmutation/Earth          2
   b - Irradiate                      Conjuration/Transmutation    5
   c - Statue Form                    Transmutation/Earth          6
   d - Hydra Form                     Transmutation                6
   e - Dragon Form                    Transmutation                7
Comestibles
 d - 13 meat rations
 g - 2 chunks of flesh
 A - 40 fruits
 B - 12 bread rations


   Skills:
 + Level 13.5 Fighting
 - Level 17.0 Long Blades
 - Level 14.3 Armour
 - Level 9.0 Shields
 - Level 14.0 Invocations


You had 10 spell levels left.
You didn't know any spells.

Dungeon Overview and Level Annotations

Branches:
Dungeon (1/1)

Altars:
Cheibriados
Dithmenos
Elyvilon
Fedhas
Gozag
Kikubaaqudgha
Makhleb
Nemelex Xobeh
Okawaru
Qazlal
Ru
Sif Muna
Trog
Vehumet
Xom
Yredelemnul
Zin
The Shining One
Beogh
Jiyva
Lugonu


Message History

You hit the orc warrior.
The orc warrior is almost dead.
The orc high priest mumbles some strange prayers to Beogh against you.
Something smites you!
* * * LOW HITPOINT WARNING * * *
The orc high priest threatens, "By the altar or by the axe, you will meet Beogh!"
The orc high priest utters an invocation to Beogh.
Things that are here:
a glaive; a plate armour; 50 gold pieces Use which ability? (? or * to list)
A demon appears!
You are feeling hungry.
You block the orc warrior's attack.
The orc high priest prays to Beogh.
The hellwing gives a chilling moan.
You block the orc warrior's attack.
The orc high priest says, "All sinners must die."
The orc high priest calls down the wrath of Beogh upon you.
Something smites you!
You die...

▓_▓.▓.▓.▓o▓
▓_▓.▓.▓.▓o▓
▓_▓.▓.▓.▓4▓
▓_▓.▓.▓.▓o▓
▓_▓.▓÷▓.▓o▓
▓_▓.▓.▓.▓o▓
▓_▓.▓.▓.▓o▓
▓_▓.▓.▓.▓)▓
▓_▓.▓.▓.▓@▓
▓_▓.▓.▓.▓2▓
▓_▓.▓.▓.▓.▓
▓_▓.▓.▓.▓.▓
▓_▓.▓.▓.▓.▓
▓_▓.▓.▓.▓.▓
▓_▓.▓†▓.▓.▓
▓_▓.▓[▓.▓[▓
▓_▓.▓.▓.▓)▓


You could see an orc knight, 2 orc high priests, a hellwing, 2 orc warriors, an
orc (frenzied) and a friendly blizzard demon.

Vanquished Creatures
  A hill giant (D)
  2 orc knights (D)
  An orc sorcerer (D)
  A griffon (D)
  A smoke demon (D)
  2 spiny frogs (D)
  A komodo dragon (D)
  A troll (D)
  A blink frog (D)
  A basilisk (D)
  A yak (D)
  A wyvern (D)
  A water moccasin (D)
  4 orc warriors (D)
  An ice beast (D)
  A phantom (D)
  An ogre (D)
  A crocodile (D)
  A giant frog (D)
  A scorpion (D)
  A crimson imp (D)
  3 hounds (D)
  An orc priest (D)
  2 orc wizards (D)
  A giant gecko (D)
  An ooze (D)
  11 orcs (D)
  A bat (D)
  A goblin (D)
  A hobgoblin (D)
  A kobold (D)
  A quokka (D)
  An orc zombie (D)
51 creatures vanquished.

Vanquished Creatures (collateral kills)
  A cacodemon (D)
  A blizzard demon (D)
  A hydra (D)
  7 death yaks (D)
  2 catoblepae (D)
  A fire drake (D)
  A yak (D)
  2 water moccasins (D)
  A hound (D)
  An adder (D)
18 creatures vanquished.

Vanquished Creatures (others)
  A balrug (D)
  A green death (D)
  A spatial maelstrom (D)
3 creatures vanquished.

Grand Total: 72 creatures vanquished

Notes
Turn   | Place    | Note
--------------------------------------------------------------
     0 | D        | Monkaria, the Hill Orc Fighter, began the quest for the Orb.
     0 | D        | Reached XP level 1. HP: 19/19 MP: 1/1
     5 | D        | Reached skill level 4 in Fighting
     6 | D        | Banished a spatial maelstrom
     8 | D        | Reached skill level 5 in Fighting
    30 | D        | Reached XP level 2. HP: 16/30 MP: 2/2
    37 | D        | Noticed a hound
    37 | D        | Noticed a hound
    37 | D        | Noticed a scorpion
    46 | D        | Killed a scorpion
    46 | D        | Reached skill level 7 in Long Blades
    46 | D        | Reached XP level 3. HP: 13/37 MP: 3/3
    46 | D        | Reached XP level 4. HP: 15/44 MP: 4/4
    56 | D        | Killed a hound
    56 | D        | Reached skill level 8 in Long Blades
    71 | D        | Killed a hound
    71 | D        | Reached skill level 9 in Long Blades
    71 | D        | Reached XP level 5. HP: 29/50 MP: 5/5
    74 | D        | Reached skill level 10 in Long Blades
    84 | D        | Found a glowing silver altar of Zin.
    84 | D        | Found a glowing golden altar of the Shining One.
    84 | D        | Found an ancient bone altar of Kikubaaqudgha.
    84 | D        | Found a basalt altar of Yredelemnul.
    84 | D        | Found a shimmering altar of Xom.
    84 | D        | Found a radiant altar of Vehumet.
    84 | D        | Found an iron altar of Okawaru.
    85 | D        | Found a burning altar of Makhleb.
    86 | D        | Found a deep blue altar of Sif Muna.
    87 | D        | Found a bloodstained altar of Trog.
    88 | D        | Found a sparkling altar of Nemelex Xobeh.
    89 | D        | Found a white marble altar of Elyvilon.
    90 | D        | Found a roughly hewn altar of Beogh.
    91 | D        | Found a viscous altar of Jiyva.
    92 | D        | Found a corrupted altar of Lugonu.
    93 | D        | Found a blossoming altar of Fedhas.
    94 | D        | Became a worshipper of Makhleb the Destroyer
    95 | D        | Found a snail-covered altar of Cheibriados.
    96 | D        | Found a shadowy altar of Dithmenos.
    97 | D        | Found a stormy altar of Qazlal.
    98 | D        | Found an opulent altar of Gozag.
    99 | D        | Found a sacrificial altar of Ru.
   335 | D        | Noticed a hill giant
   335 | D        | Noticed a troll
   335 | D        | Noticed a hound
   335 | D        | Noticed a phantom
   335 | D        | Noticed a wyvern
   340 | D        | Killed a wyvern
   340 | D        | Acquired Makhleb's first power
   340 | D        | Reached XP level 6. HP: 45/63 MP: 6/6
   344 | D        | Killed a hound
   348 | D        | Killed a troll
   348 | D        | Reached skill level 11 in Fighting
   348 | D        | Reached XP level 7. HP: 33/74 MP: 7/7
   357 | D        | Killed a hill giant
   357 | D        | Acquired Makhleb's second power
   357 | D        | Reached skill level 13 in Fighting
   357 | D        | Reached XP level 8. HP: 58/86 MP: 8/8
   359 | D        | Killed a phantom
   471 | D        | Noticed a crimson imp
   471 | D        | Noticed an orc warrior
   471 | D        | Noticed an ice beast
   471 | D        | Noticed a basilisk
   471 | D        | Noticed an ogre
   473 | D        | Killed an ogre
   490 | D        | Killed a basilisk
   490 | D        | Acquired Makhleb's third power
   499 | D        | Killed an ice beast
   513 | D        | Killed an orc warrior
   514 | D        | Killed a crimson imp
   514 | D        | Acquired Makhleb's fourth power
   850 | D        | Got the +2 pair of gloves of Fedhas' Esteem {rPois+}
   874 | D        | Noticed a griffon
   874 | D        | Noticed a yak
   874 | D        | Noticed a komodo dragon
   874 | D        | Noticed a spiny frog
   874 | D        | Noticed a crocodile
   874 | D        | Noticed a water moccasin
   882 | D        | Killed a water moccasin
   882 | D        | Reached XP level 9. HP: 88/93 MP: 8/12
   883 | D        | Noticed a giant frog
   884 | D        | Noticed a spiny frog
   885 | D        | Killed a crocodile
   890 | D        | Killed a spiny frog
   890 | D        | Acquired Makhleb's fifth power
   903 | D        | Killed a komodo dragon
   903 | D        | Reached skill level 10 in Invocations
   921 | D        | Killed a yak
   940 | D        | Killed a griffon
   946 | D        | Killed a spiny frog
   946 | D        | Reached skill level 14 in Invocations
   948 | D        | Killed a giant frog
   986 | D        | Noticed a water moccasin
   986 | D        | Noticed a death yak
   986 | D        | Noticed a hound
   986 | D        | Noticed a five-headed hydra
   986 | D        | Noticed a water moccasin
   986 | D        | Noticed a blink frog
   990 | D        | Killed a blink frog
   990 | D        | Reached XP level 10. HP: 101/101 MP: 26/26
   993 | D        | Killed a water moccasin
   997 | D        | Killed a five-headed hydra
   998 | D        | Killed a hound
  1001 | D        | Noticed a blizzard demon
  1005 | D        | Noticed a fire drake
  1005 | D        | Noticed a yak
  1008 | D        | Killed a blizzard demon
  1010 | D        | Killed a water moccasin
  1012 | D        | Killed a death yak
  1012 | D        | Reached skill level 15 in Long Blades
  1015 | D        | Killed a fire drake
  1016 | D        | Killed a yak
  1261 | D        | Noticed a death yak
  1261 | D        | Noticed a death yak
  1261 | D        | Noticed a death yak
  1261 | D        | Noticed a catoblepas
  1261 | D        | Noticed a death yak
  1261 | D        | Noticed a catoblepas
  1261 | D        | Noticed a death yak
  1262 | D        | Noticed a cacodemon
  1273 | D        | Killed a cacodemon
  1275 | D        | Killed a death yak
  1275 | D        | Reached skill level 5 in Shields
  1278 | D        | Killed a catoblepas
  1280 | D        | Killed a death yak
  1283 | D        | Killed a catoblepas
  1286 | D        | Killed a death yak
  1289 | D        | Killed a death yak
  1292 | D        | Killed a death yak
  1292 | D        | Reached XP level 11. HP: 56/107 MP: 27/27
  1293 | D        | Noticed a death yak
  1295 | D        | Killed a death yak
  1578 | D        | Noticed an orc sorcerer
  1578 | D        | Noticed an orc wizard
  1578 | D        | Noticed an orc priest
  1580 | D        | Noticed an orc warrior
  1585 | D        | Noticed a soul eater
  1590 | D        | Killed an orc priest
  1593 | D        | Noticed an orc wizard
  1594 | D        | Killed an orc wizard
  1603 | D        | Killed an orc sorcerer
  1603 | D        | Reached skill level 16 in Long Blades
  1609 | D        | Noticed an orc knight
  1611 | D        | Killed an orc warrior
  1613 | D        | Killed an orc wizard
  1646 | D        | Killed an orc knight
  1845 | D        | Noticed an orc high priest
  1845 | D        | Noticed an orc warrior
  1845 | D        | Noticed an orc warrior
  1845 | D        | Noticed an orc warrior
  1845 | D        | Noticed an orc knight
  1849 | D        | Noticed an orc knight
  1854 | D        | Killed an orc knight
  1854 | D        | Reached skill level 17 in Long Blades
  1860 | D        | Noticed an orc warrior
  1860 | D        | Noticed an orc high priest
  1863 | D        | Killed an orc warrior
  1868 | D        | Killed an orc warrior
  1869 | D        | Noticed an orc high priest
  1880 | D        | Killed from afar by an orc high priest

Action                   |  1- 3 |  4- 6 |  7- 9 | 10-12 || total
-------------------------+-------+-------+-------+-------++-------
Melee: Long sword        |    34 |    30 |       |       ||    64
       Scimitar          |       |    11 |   120 |    97 ||   228
Invok: Greater Servant o |       |       |       |     7 ||     7
Evoke: Wand              |       |     2 |       |       ||     2
  Use: Potion            |     1 |     1 |     4 |     5 ||    11
       Scroll            |       |       |       |     4 ||     4
 Stab: Invisible         |       |       |       |     1 ||     1
  Eat: Chunk             |       |       |     1 |     3 ||     4
